Map: Ultralove

Players

DKZherO (herO)

  • Race: Protoss Protoss
  • Spawn Location: 1:00

LiquidClem (Clem) - Winner!

  • Race: Terran Terran
  • League: Master
  • Spawn Location: 7:00

VOD

Have the link to the VOD?

Description

Time

  • Played on: Dec. 17, 2024, 6:30 a.m.
  • Length: 6:39
Show
View Real Time Build Order
Export as new Build Order

DKZherO Protoss 

Build Orders: 1 Gate Expand, Phoenix Opening, Blink Stalkers 

Get SALT Encoding   

  12  0:00  Probe  
  13  0:12  Probe  
  14  0:17  Pylon  
  14  0:24  Probe  
  15  0:33  Probe  
  15  0:35  Gateway  
  15  0:41  Probe  
  15  0:42  Assimilator  
  17  0:50  Probe  
  18  1:03  Probe  
  19  1:15  Probe  
  20  1:22  Cybernetics Core  
  20  1:30  Nexus  
  20  1:37  Pylon  
  20  1:39  Probe  
  21  1:44  Assimilator  
  21  1:47  Stalker  
  21  1:51  Probe  
  22  1:59  Warp Gate  
  24  2:03  Probe  
  25  2:15  Probe  
  26  2:16  Adept  
  28  2:26  Twilight Council  
  28  2:27  Probe  
  28  2:29  Blink  
  29  2:39  Probe  
  29  2:42  Probe  
  29  2:43  Stalker  
  31  2:48  Shield Battery  
  33  2:51  Probe  
  33  2:54  Probe  
  35  3:00  Gateway  
  35  3:07  Probe  
  35  3:09  Probe  
  37  3:19  Probe, Pylon  
  38  3:20  Phoenix  
  38  3:21  Sentry  
  38  3:22  Probe  
  41  3:31  Probe  
  41  3:34  Probe  
  43  3:44  Nexus  
  43  3:47  Probe  
  43  3:48  Probe  
  45  3:51  Pylon  
  45  3:55  Stalker  
  47  4:00  Probe x2  
  49  4:03  Stalker  
  51  4:10  Pylon  
  51  4:12  Probe  
  51  4:13  Probe  
  51  4:17  Shield Battery  
  53  4:20  Stalker  
  55  4:27  Stalker  
  55  4:28  Gateway  
  55  4:31  Shield Battery  
  55  4:42  Probe  
  52  4:45  Charge  
  52  4:52  Stalker x2  
  52  4:55  Pylon  
  52  4:57  Shield Battery  
  52  5:05  Shield Battery  
  52  5:09  Pylon  
  52  5:11  Gateway  
  52  5:12  Gateway  
  52  5:13  Probe x2  
  54  5:15  Stalker  
  55  5:22  Stalker  
  55  5:23  Probe  
  55  5:25  Probe x2  
  58  5:37  Stalker  
  58  5:38  Stalker  
  58  5:40  Probe x3  
  59  5:52  Probe x2  
  58  6:01  Stalker  
  58  6:03  Probe  
  60  6:04  Probe x2  
  60  6:06  Stalker  
  37  6:20  Stalker  
  33  6:31  Stalker  
  33  6:32  Stalker  
  32  6:36  Gateway  
Show
View Real Time Build Order
Export as new Build Order

LiquidClem Terran - Winner!

Build Orders:  

Get SALT Encoding   

  12  0:01  SCV  
  13  0:13  SCV  
  14  0:17  Supply Depot  
  14  0:25  SCV  
  15  0:38  SCV  
  15  0:40  Barracks  
  16  0:43  Refinery  
  16  0:51  SCV  
  17  1:03  SCV  
  18  1:15  SCV  
  19  1:27  Orbital Command, Marine  
  20  1:38  Command Center  
  20  1:45  Barracks Reactor  
  20  1:49  Supply Depot  
  20  1:53  SCV  
  21  2:03  Factory  
  21  2:05  SCV  
  22  2:10  Refinery  
  22  2:18  SCV  
  22  2:21  Marine x2  
  25  2:30  SCV  
  26  2:39  Marine x2  
  26  2:42  SCV  
  29  2:47  Factory Tech Lab, Starport  
  29  2:51  Orbital Command  
  29  2:54  SCV  
  29  2:58  Marine x2  
  32  3:06  Cyclone  
  32  3:09  SCV  
  36  3:14  Supply Depot  
  36  3:16  Marine  
  36  3:19  Marine  
  38  3:23  Medivac  
  38  3:26  SCV  
  42  3:27  SCV  
  42  3:34  Marine  
  42  3:37  Marine  
  42  3:41  Siege Tank  
  47  3:43  SCV, Supply Depot  
  47  3:46  SCV  
  49  3:52  Marine  
  49  3:55  SCV, Marine  
  51  3:58  SCV  
  53  4:03  Supply Depot  
  53  4:04  Viking  
  53  4:08  SCV  
  56  4:10  SCV, Marine  
  56  4:13  Marine  
  56  4:16  Supply Depot  
  59  4:18  Siege Tank  
  62  4:25  SCV  
  62  4:28  Marine  
  62  4:30  Barracks, Marine  
  65  4:37  Viking  
  66  4:39  SCV  
  66  4:41  Supply Depot  
  66  4:43  SCV  
  66  4:47  Marine  
  66  4:48  Marine  
  66  4:51  SCV  
  66  4:55  Barracks  
  66  4:58  Siege Tank  
  69  5:02  SCV  
  69  5:05  Marine  
  69  5:06  Marine  
  72  5:10  SCV, Supply Depot  
  70  5:14  SCV  
  70  5:17  Marine  
  70  5:18  Refinery  
  70  5:21  Viking  
  74  5:22  SCV  
  74  5:26  Engineering Bay, Supply Depot  
  74  5:27  Marine x2  
  77  5:31  SCV  
  77  5:34  SCV  
  76  5:38  Supply Depot  
  76  5:40  Siege Tank  
  76  5:42  Marine x2  
  80  5:45  Marine  
  80  5:47  SCV  
  80  5:48  Refinery  
  80  5:49  SCV  
  83  5:53  Supply Depot  
  83  5:56  Viking, Marine  
  85  6:01  Supply Depot  
  85  6:02  Marine x2  
  87  6:06  Missile Turret  
  87  6:07  Marine  
  88  6:14  Marine  
  78  6:20  Marine x2  
  78  6:21  SCV x2  
  78  6:25  Supply Depot  
Tags
 
Add a new tag
Caveats
  • Supply blocks, unpowered buildings, or Contaminate may cause inaccurate times.
  • Supply counts are checked every 10 seconds.